NYP
WILLIAMSPORT CROSSCUTTERS @ WEST VIRGINIA BLACK BEARS
08/21/2047
 
TOP OF THE 1ST
Williamsport Crosscutters batting - Pitching for West Virginia Black Bears : LHP Juan Villegas
Pitching: LHP Juan Villegas
Batting: RHB Gary Sampson 0-0: Ball
1-0: Foul Ball, location: 2F
1-1: Ball
2-1: Foul Ball, location: 2F
2-2: Foul Ball, location: 2F
2-2: Strikes out swinging
Batting: SHB Marco de Leon 0-0: Ball
1-0: Called Strike
1-1: Ball
2-1: Swinging Strike
2-2: Ball
3-2: Strikes out swinging
Batting: RHB Carlos Morejon 0-0: Swinging Strike
0-1: Foul Ball, location: 2F
0-2: Strikes out swinging
Top of the 1st over - 0 runs, 0 hits, 0 errors, 0 left on base; Williamsport 0 - West Virginia 0
BOTTOM OF THE 1ST
West Virginia Black Bears batting - Pitching for Williamsport Crosscutters : RHP John Hughes
Pitching: RHP John Hughes
Batting: RHB Ken Manser 0-0: Foul Ball, location: 2F
0-1: Ball
1-1: Ball
2-1: Ball
3-1: Ground out U3 (Groundball, 34, EV 105.0 MPH)
Batting: RHB Brandon White 0-0: Fly out, F7 (Flyball, 7, EV 85.6 MPH)
Batting: LHB Joe Wise 0-0: Foul Ball, location: 2F
0-1: Ball
1-1: Ball
2-1: Ball
3-1: Called Strike
3-2: Base on Balls
Batting: RHB Dave Fredericks 0-0: Swinging Strike
0-1: Ball
1-1: Fly out, F7 (Flyball, 78M, EV 91.9 MPH)
Bottom of the 1st over - 0 runs, 0 hits, 0 errors, 1 left on base; Williamsport 0 - West Virginia 0
TOP OF THE 2ND
Williamsport Crosscutters batting - Pitching for West Virginia Black Bears : LHP Juan Villegas
Batting: RHB Antonio Lara 0-0: Called Strike
0-1: Foul Ball, location: 2F
0-2: Ball
1-2: Strikes out looking
Batting: SHB Brett St. Clair 0-0: Foul Ball, location: 2F
0-1: Foul Ball, location: 2F
0-2: Ball
1-2: Strikes out swinging
Batting: LHB Rich Kuehne 0-0: Foul Ball, location: 2F
0-1: Ball
1-1: Called Strike
1-2: Ball
2-2: Strikes out swinging, 2-3 out at first.
Top of the 2nd over - 0 runs, 0 hits, 0 errors, 0 left on base; Williamsport 0 - West Virginia 0
BOTTOM OF THE 2ND
West Virginia Black Bears batting - Pitching for Williamsport Crosscutters : RHP John Hughes
Batting: RHB Rick Pittman 0-0: Ball
1-0: SINGLE (Line Drive, 34D, EV 100.0 MPH)
Batting: RHB Terrence Wilson 0-0: Ball
Passed Ball!
Rick Pittman to second
1-0: Foul Ball, location: 2F
1-1: Foul Ball, location: 2F
1-2: Ball
2-2: Ground out 4-3 (Groundball, 4MS, EV 66.9 MPH)
Rick Pittman to third
Batting: LHB Aito Harada 0-0: Called Strike
0-1: Ball
1-1: Called Strike
1-2: Foul Ball, location: 2F
1-2: Ball
2-2: Ball
3-2: Foul Ball, location: 2F
3-2: Foul Ball, location: 2F
3-2: SINGLE (Groundball, 34D, EV 98.1 MPH)
Rick Pittman scores
Batting: SHB Don Hauk 0-0: Fielders Choice at 2nd, 5-4 (Groundball, 56S, EV 87.5 MPH)
Batting: RHB Tyler West 0-0: Ball
Don Hauk steals 2nd base
1-0: Called Strike
1-1: SINGLE (Groundball, 6MD, EV 96.9 MPH)
Don Hauk to third
Runner from 3rd tries for Home, SAFE, throw by CF to home
Batting: RHB Ken Manser 0-0: Ball
1-0: Ball
2-0: Called Strike
2-1: Swinging Strike
2-2: Strikes out swinging
Bottom of the 2nd over - 2 runs, 3 hits, 0 errors, 1 left on base; Williamsport 0 - West Virginia 2
TOP OF THE 3RD
Williamsport Crosscutters batting - Pitching for West Virginia Black Bears : LHP Juan Villegas
Batting: RHB Danny Habermehl 0-0: Ball
1-0: Ball
2-0: Ball
3-0: Base on Balls
Batting: RHB Bobby Matyas 0-0: Called Strike
0-1: Foul Ball, location: 2F
0-2: Strikes out looking
Batting: RHB Dale Turner 0-0: Fly out, F7 (Flyball, 78M, EV 84.4 MPH)
Batting: RHB Gary Sampson 0-0: Called Strike
0-1: Ball
1-1: Reached on error, E8 (Line Drive, 8LM, EV 103.8 MPH)
Danny Habermehl to third
Batting: SHB Marco de Leon 0-0: Called Strike
0-1: Ball
1-1: Swinging Strike
1-2: Ball
2-2: Foul Ball, location: 2F
2-2: Ball
3-2: Strikes out swinging
Top of the 3rd over - 0 runs, 0 hits, 1 error, 2 left on base; Williamsport 0 - West Virginia 2
BOTTOM OF THE 3RD
West Virginia Black Bears batting - Pitching for Williamsport Crosscutters : RHP John Hughes
Batting: RHB Brandon White 0-0: Ground out 6-3 (Groundball, 6, EV 81.2 MPH)
Batting: LHB Joe Wise 0-0: Called Strike
0-1: Swinging Strike
0-2: SINGLE (Groundball, 6S, EV 98.8 MPH)
Batting: RHB Dave Fredericks 0-0: Ball
Joe Wise steals 2nd base
1-0: Foul Ball, location: 2F
1-1: Ball
2-1: Ball
3-1: Base on Balls
Batting: RHB Rick Pittman 0-0: Fielders Choice at 2nd, 1-6 (Groundball, 13S, EV 67.5 MPH)
Joe Wise to third
Batting: RHB Terrence Wilson 0-0: Called Strike
0-1: Foul Ball, location: 2F
0-2: Strikes out looking
Bottom of the 3rd over - 0 runs, 1 hit, 0 errors, 2 left on base; Williamsport 0 - West Virginia 2
TOP OF THE 4TH
Williamsport Crosscutters batting - Pitching for West Virginia Black Bears : LHP Juan Villegas
Batting: RHB Carlos Morejon 0-0: Called Strike
0-1: Foul Ball, location: 2F
0-2: Foul Ball, location: 2F
0-2: Ball
1-2: Ball
2-2: Ball
3-2: Foul Ball, location: 2F
3-2: Base on Balls
Batting: RHB Antonio Lara 0-0: Ball
1-0: Called Strike
1-1: Called Strike
1-2: Grounds into double play, 6-4-3 (Groundball, 6, EV 83.8 MPH)
Batting: SHB Brett St. Clair 0-0: Ball
1-0: Ball
2-0: Ball
3-0: Called Strike
3-1: Called Strike
3-2: SINGLE (Flyball, 78S, EV 92.5 MPH)
Batting: LHB Rich Kuehne 0-0: Swinging Strike
0-1: Foul Ball, location: 2F
0-2: Foul Ball, location: 2F
0-2: Strikes out looking
Top of the 4th over - 0 runs, 1 hit, 0 errors, 1 left on base; Williamsport 0 - West Virginia 2
BOTTOM OF THE 4TH
West Virginia Black Bears batting - Pitching for Williamsport Crosscutters : RHP John Hughes
Batting: LHB Aito Harada 0-0: Ball
1-0: Ball
2-0: Ball
3-0: Base on Balls
Batting: SHB Don Hauk 0-0: Ball
1-0: Swinging Strike
1-1: SINGLE (Groundball, P, EV 81.9 MPH) (infield hit)
Aito Harada to second
Batting: RHB Tyler West 0-0: SINGLE (Groundball, 56D, EV 94.4 MPH)
Aito Harada to third
Don Hauk to second
Batting: RHB Ken Manser 0-0: Ball
1-0: Called Strike
1-1: Called Strike
1-2: Ball
2-2: SINGLE (Groundball, 25, EV 62.5 MPH) (infield hit)
Aito Harada scores
Don Hauk to third
Tyler West to second
Batting: RHB Brandon White 0-0: Called Strike
0-1: Foul Ball, location: 2F
0-2: Foul Ball, location: 2F
0-2: Ball
1-2: Foul Ball, location: 2F
1-2: Ground out 5-3 (Groundball, 56S, EV 62.5 MPH)
Don Hauk scores
Tyler West to third
Ken Manser to second
Batting: LHB Joe Wise 0-0: Foul Ball, location: 2F
0-1: Ground out 4-3 (Groundball, 4, EV 86.2 MPH)
Tyler West scores
Ken Manser to third
Pitching: RHP Ivan Gaona
Batting: RHB Dave Fredericks 0-0: Ball
1-0: Ball
2-0: Foul Ball, location: 2F
2-1: Ball
3-1: Reached on error, E8 (Flyball, 89M, EV 82.5 MPH)
Ken Manser scores
Batting: RHB Rick Pittman 0-0: SINGLE (Groundball, 56D, EV 106.9 MPH)
Dave Fredericks to third
Runner from 3rd tries for Home, throw by LF and OUT! 7-2
Bottom of the 4th over - 4 runs, 4 hits, 1 error, 1 left on base; Williamsport 0 - West Virginia 6
TOP OF THE 5TH
Williamsport Crosscutters batting - Pitching for West Virginia Black Bears : LHP Juan Villegas
Batting: RHB Danny Habermehl 0-0: Swinging Strike
0-1: Foul Ball, location: 2F
0-2: Ball
1-2: Ball
2-2: Foul Ball, location: 2F
2-2: Ground out 6-3 (Groundball, 6M, EV 83.8 MPH)
Batting: RHB Bobby Matyas 0-0: Ground out 3-1 (Groundball, 13, EV 82.5 MPH)
Batting: RHB Dale Turner 0-0: Foul Ball, location: 2F
0-1: Ground out U3 (Groundball, 13, EV 80.6 MPH)
Top of the 5th over - 0 runs, 0 hits, 0 errors, 0 left on base; Williamsport 0 - West Virginia 6
BOTTOM OF THE 5TH
West Virginia Black Bears batting - Pitching for Williamsport Crosscutters : RHP Ivan Gaona
Batting: RHB Terrence Wilson 0-0: Ball
1-0: SINGLE (Flyball, 89S, EV 98.1 MPH)
Batting: LHB Aito Harada 0-0: Ball
Terrence Wilson steals 2nd base
1-0: Ball
Passed Ball!
Terrence Wilson to third
2-0: Foul Ball, location: 2F
2-1: Foul Ball, location: 2F
2-2: SINGLE (Line Drive, 78M, EV 107.5 MPH)
Terrence Wilson scores
Batting: SHB Don Hauk 0-0: Called Strike
0-1: Swinging Strike
0-2: Ball
1-2: DOUBLE (Line Drive, 9LM, EV 106.2 MPH)
Aito Harada to third
Runner from 3rd tries for Home, SAFE, throw by RF to trailing runner, OUT at third! 9-3-5
Batting: RHB Tyler West 0-0: Ball
1-0: Ball
2-0: Ball
3-0: Called Strike
3-1: Base on Balls
Batting: RHB Ken Manser 0-0: Foul Ball, location: 2F
0-1: Foul Ball, location: 2F
0-2: Grounds into double play, 4-6-3 (Groundball, 4, EV 102.5 MPH)
Bottom of the 5th over - 2 runs, 3 hits, 0 errors, 0 left on base; Williamsport 0 - West Virginia 8
TOP OF THE 6TH
Williamsport Crosscutters batting - Pitching for West Virginia Black Bears : LHP Juan Villegas
Batting: RHB Gary Sampson 0-0: Ball
1-0: Called Strike
1-1: Ball
2-1: Called Strike
2-2: Strikes out looking
Batting: SHB Marco de Leon 0-0: Ball
1-0: Ball
2-0: Foul Ball, location: 2F
2-1: Ball
3-1: Called Strike
3-2: Foul Ball, location: 2F
3-2: Strikes out swinging
Batting: RHB Carlos Morejon 0-0: Called Strike
0-1: Ground out 4-3 (Groundball, 4, EV 78.8 MPH)
Top of the 6th over - 0 runs, 0 hits, 0 errors, 0 left on base; Williamsport 0 - West Virginia 8
BOTTOM OF THE 6TH
West Virginia Black Bears batting - Pitching for Williamsport Crosscutters : RHP Ivan Gaona
Batting: RHB Brandon White 0-0: Ball
1-0: Ball
2-0: SINGLE (Groundball, 56, EV 111.2 MPH)
Batting: LHB Joe Wise 0-0: Fly out, F8 (Line Drive, 8LM, EV 96.9 MPH)
Batting: RHB Dave Fredericks 0-0: Ball
1-0: Called Strike
1-1: SINGLE (Groundball, 4M, EV 100.6 MPH) (infield hit)
Brandon White to second
Batting: RHB Rick Pittman 0-0: Called Strike
0-1: Fly out, F7 (Flyball, 7D, EV 96.9 MPH)
Runner from 2nd tags up, SAFE at 3rd with throw by LF
Batting: RHB Terrence Wilson 0-0: Called Strike
0-1: Swinging Strike
0-2: Strikes out looking
Bottom of the 6th over - 0 runs, 2 hits, 0 errors, 2 left on base; Williamsport 0 - West Virginia 8
TOP OF THE 7TH
Williamsport Crosscutters batting - Pitching for West Virginia Black Bears : LHP Juan Villegas
Pitching: RHP Jon Juarez
Batting: RHB Antonio Lara 0-0: Ball
1-0: Ground out 6-3 (Groundball, 6, EV 89.4 MPH)
Batting: SHB Brett St. Clair 0-0: Called Strike
0-1: Foul Ball, location: 2F
0-2: Ball
1-2: Strikes out swinging
Batting: LHB Rich Kuehne 0-0: Ball
1-0: Ball
2-0: Called Strike
2-1: Ball
3-1: Called Strike
3-2: Strikes out swinging
Top of the 7th over - 0 runs, 0 hits, 0 errors, 0 left on base; Williamsport 0 - West Virginia 8
BOTTOM OF THE 7TH
West Virginia Black Bears batting - Pitching for Williamsport Crosscutters : RHP Ivan Gaona
Batting: LHB Aito Harada 0-0: Ball
1-0: Swinging Strike
1-1: Called Strike
1-2: Ball
2-2: Strikes out looking
Batting: SHB Don Hauk 0-0: Swinging Strike
0-1: Swinging Strike
0-2: Strikes out swinging
Batting: RHB Tyler West 0-0: Called Strike
0-1: Foul Ball, location: 2F
0-2: SINGLE (Groundball, 6D, EV 98.8 MPH)
Batting: RHB Ken Manser 0-0: Called Strike
0-1: Ground out 4-3 (Groundball, 4, EV 91.2 MPH)
Bottom of the 7th over - 0 runs, 1 hit, 0 errors, 1 left on base; Williamsport 0 - West Virginia 8
TOP OF THE 8TH
Williamsport Crosscutters batting - Pitching for West Virginia Black Bears : RHP Jon Juarez
Batting: RHB Danny Habermehl 0-0: Called Strike
0-1: Ball
1-1: Swinging Strike
1-2: Strikes out swinging
Batting: RHB Bobby Matyas 0-0: Ground out 6-3 (Groundball, 6, EV 85.0 MPH)
Batting: RHB Dale Turner 0-0: Foul Ball, location: 2F
0-1: Reached on error, E6 (Groundball, 56, EV 85.6 MPH)
Batting: RHB Gary Sampson 0-0: Ball
1-0: Ball
2-0: Ball
3-0: Called Strike
3-1: Called Strike
3-2: Foul Ball, location: 2F
3-2: Base on Balls
Dale Turner to second
Batting: SHB Marco de Leon 0-0: Ground out 1-3 (Groundball, 25, EV 70.0 MPH)
Top of the 8th over - 0 runs, 0 hits, 1 error, 2 left on base; Williamsport 0 - West Virginia 8
BOTTOM OF THE 8TH
West Virginia Black Bears batting - Pitching for Williamsport Crosscutters : RHP Ivan Gaona
Pitching: RHP Ian Savary
Batting: RHB Brandon White 0-0: Ball
1-0: Swinging Strike
1-1: SINGLE (Line Drive, 6M, EV 111.2 MPH)
Batting: LHB Joe Wise 0-0: Ball
1-0: Called Strike
1-1: Fly out, F7 (Flyball, 78S, EV 98.8 MPH)
Batting: RHB Dave Fredericks 0-0: Called Strike
0-1: Ball
1-1: Grounds into double play, 1-4-3 (Groundball, P, EV 70.0 MPH)
Bottom of the 8th over - 0 runs, 1 hit, 0 errors, 0 left on base; Williamsport 0 - West Virginia 8
TOP OF THE 9TH
Williamsport Crosscutters batting - Pitching for West Virginia Black Bears : RHP Jon Juarez
Batting: RHB Carlos Morejon 0-0: Foul Ball, location: 2F
0-1: Ball
1-1: Foul Ball, location: 2F
1-2: Ball
2-2: Strikes out looking
Batting: RHB Antonio Lara 0-0: Ball
1-0: Called Strike
1-1: Ball
2-1: Foul Ball, location: 2F
2-2: SINGLE (Flyball, 78S, EV 90.6 MPH)
Pitching: RHP Iwao Machida
Batting: SHB Brett St. Clair 0-0: Foul Ball, location: 2F
0-1: Ball
1-1: Ball
2-1: Swinging Strike
2-2: Foul Ball, location: 2F
2-2: Foul Ball, location: 2F
2-2: Fielders Choice at 2nd, 3-6 (Groundball, 34S, EV 86.9 MPH)
Batting: LHB Rich Kuehne 0-0: Ball
1-0: Ball
2-0: Called Strike
2-1: Foul Ball, location: 2F
2-2: Strikes out swinging
Top of the 9th over - 0 runs, 1 hit, 0 errors, 1 left on base; Williamsport 0 - West Virginia 8
Thursday, December 15th , 2022 - OOTP Baseball 23.9 Build 102